 Dungeon Crawl Stone Soup version 0.24.0-7-gb3623d2c88 (webtiles) character file.

Game seed: 8501495206852951829, levelgen mode: deterministic

3110 Mesmaeker13 the Ducker (level 9, -5/51 HPs)
             Began as an Octopode Wizard on Nov 2, 2019.
             Was a Follower of Sif Muna.
             Slain by a yak (6 damage)
             ... on level 8 of the Dungeon.
             The game lasted 00:28:08 (13371 turns).

Mesmaeker13 the Ducker (Octopode Wizard)           Turns: 13371, Time: 00:28:08

Health: -5/51      AC:  1    Str:  7    XL:     9   Next: 91%
Magic:  13/15      EV: 16    Int: 22    God:    Sif Muna [*.....]
Gold:   325        SH:  0    Dex: 11    Spells: 7/16 levels left

rFire    . . .     SeeInvis .   B - +4 spear
rCold    . . .     Gourm    .   (no shield)
rNeg     . . .     Faith    .   a - +0 hat
rPois    .         Spirit   .   (no amulet)
rElec    .         Reflect  .   (no ring)
rCorr    .         Harm     .   (no ring)
MR       .....                  (no ring)
Stlth    +++.......             (no ring)
HPRegen  0.17/turn              (no ring)
MPRegen  0.14/turn              (no ring)
                                (no ring)
                                (no ring)

@: no status effects
A: almost no armour, stealthy swim, amphibious, 8 rings, constrict 8, camouflage
1, gelatinous body 1
a: Channel Magic, Renounce Religion


You were on level 8 of the Dungeon.
You worshipped Sif Muna.
Sif Muna was aware of your devotion.
You were hungry.

You visited 2 branches of the dungeon, and saw 10 of its levels.

You collected 325 gold pieces.

Inventory:

Hand Weapons
 r - the +0 trident of the Equinox {pierce, rF++}
   (You found it on level 7 of the Dungeon)

   It inflicts extra damage upon your enemies.
   It greatly protects you from fire.
 u - a +0 vampiric dagger
 A - a cursed +3 scimitar of freezing
 B - a +4 spear (weapon)
Missiles
 q - 18 poisoned darts (quivered)
Armour
 a - a +0 hat (worn)
Wands
 p - a wand of disintegration (9)
 y - a wand of iceblast (7)
Scrolls
 d - 3 scrolls of remove curse
 f - 2 scrolls of fog
 g - 4 scrolls of amnesia
 h - 3 scrolls of teleportation
 j - 4 scrolls of magic mapping
 k - a scroll of blinking
 t - a scroll of enchant armour {unknown}
 w - a scroll of immolation
Potions
 b - 2 potions of magic
 c - a potion of flight
 e - 2 potions of curing
 i - 2 potions of brilliance
 l - 3 potions of lignification
 m - 3 potions of heal wounds
 n - a potion of might
 x - a potion of haste {unknown}
Comestibles
 s - 5 rations


   Skills:
 + Level 7.2 Dodging
 - Level 2.6 Stealth
 - Level 4.0 Spellcasting
 + Level 7.0 Conjurations
 + Level 3.7 Summonings
   Level 1.0 Translocations
 - Level 5.2 Fire Magic
 - Level 4.2 Air Magic
 - Level 4.0 Poison Magic


You had 7 spell levels left.
You knew the following spells:

 Your Spells              Type           Power        Failure   Level  Hunger
a - Magic Dart            Conj           ####         1%          1    None
b - Conjure Flame         Conj/Fire      ####....     2%          3    ###....
c - Mephitic Cloud        Conj/Pois/Air  ####....     4%          3    ###....
d - Call Imp              Summ           ###.....     3%          2    #......

Your spell library contained the following spells:

 Spells                   Type           Power        Failure   Level  Hunger
 Blink                    Tloc           N/A          11%         2    #......
 Recall                   Summ/Tloc      N/A          13%         3    ###....
 Slow                     Hex            #.......     17%         2    #......
 Aura of Abjuration       Summ           ###.......   56%         5    ######.
 Summon Demon             Summ           ###.......   56%         5    ######.
 Summon Forest            Summ/Tloc      ##........   75%         5    ######.
 Summon Mana Viper        Hex/Summ       ##......     82%         5    ######.
 Shadow Creatures         Summ           N/A          98%         6    #######


Dungeon Overview and Level Annotations

Branches:
Dungeon (9/15)             Temple (1/1) D:6
   Lair: D:8-11         Orc: D:9-12

Altars:
Ashenzari
Cheibriados
Dithmenos
Elyvilon
Fedhas
Gozag
Hepliaklqana
Kikubaaqudgha
Makhleb
Nemelex Xobeh
Okawaru
Qazlal
Ru
Sif Muna
Trog
Uskayaw
Vehumet
Wu Jian
Xom
Yredelemnul
Zin
The Shining One

Shops:
D:8 :

Annotations:
D:4 Menkaure


Innate Abilities, Weirdness & Mutations

You cannot wear most types of armour.
You are very stealthy in the water. (Stealth+)
You are amphibious.
You can wear up to eight rings at the same time.
You can use your tentacles to constrict eight enemies at once.
Your skin changes colour to match your surroundings (Stealth+).
Your rubbery body absorbs attacks. (AC +1, EV +1)


Message History

The yak gores you!!
You puncture the yak!
The yak is severely wounded.
You hit the yak but do no damage.
The yak is severely wounded.
The yak completely misses you.
You hit the yak but do no damage. You squeeze the yak.
The yak is almost dead.
The yak seems less confused.
The yak gores you!
* * * LOW HITPOINT WARNING * * *
You are too injured to fight recklessly!
You are too injured to fight recklessly!
You hit the yak but do no damage.
The yak is almost dead.
The yak gores you!
* * * LOW HITPOINT WARNING * * *
You hit the yak.
The yak is almost dead.
The yak gores you.
You die...

###
#.###########################
#...............#..........(.
#.#############.#.###########
#.####........#.#.#
#(#........Y....#.##
#(#.##.#....@......#####
#(#.##...####^####.....#
#cY..#...#.......#.###.#
#####.(..#.#Y#.......#...#.####
.....>.......#.......#........##
.....).......#..._...^...#.##..#
.............#.......#.#.#.###.#
.............#.......#...#.#
#.##
.............#.......#.#.#.#
#..#


You could see a yak.

Vanquished Creatures
  A troll (D:8)
  2 yaks (D:8)
  A sky beast (D:6)
  6 ogres
  A big kobold (D:8)
  A bullfrog (D:9)
  A water moccasin zombie (D:6)
  6 scorpions
  2 killer bees (D:9)
  5 wights (D:7)
  A vampire bat (D:5)
  5 crimson imps
  A bullfrog zombie (D:5)
  A centaur zombie (D:8)
  7 hounds
  A gnoll shaman (D:4)
  A centaur skeleton (D:5)
  3 orc priests
  An orc wizard (D:5)
  Ijyb (D:4)
  6 worker ants
  A hound zombie (D:5)
  A howler monkey zombie (D:5)
  A worker ant zombie (D:5)
  7 gnolls
  2 adders (D:5)
  2 oozes (D:2)
  An adder skeleton (D:5)
  2 worms
  4 dart slugs
  3 fire bats (D:5)
  5 leopard geckos
  11 orcs
  2 spectral bats (D:5)
  A ball python (D:5)
  14 bats
  3 bat skeletons (D:5)
  A bat zombie (D:5)
  5 giant cockroaches
  13 goblins
  5 hobgoblins
  4 jackals (D:8)
  4 quokkas
  A bat simulacrum (D:5)
  2 frilled lizards
  A jackal skeleton (D:4)
  15 kobolds
  A leopard gecko skeleton (D:7)
  7 rats
173 creatures vanquished.

Vanquished Creatures (collateral kills)
  A hippogriff (D:8)
  A hound skeleton (D:9)
  A shadow imp (D:8)
3 creatures vanquished.

Vanquished Creatures (others)
  A bush (D:4)
1 creature vanquished.

Grand Total: 177 creatures vanquished

Notes
Turn   | Place    | Note
-------+----------+-------------------------------------------
     0 | D:1      | Mesmaeker13 the Octopode Wizard began the quest for the
                  | Orb.
     0 | D:1      | Reached XP level 1. HP: 11/11 MP: 4/4
   663 | D:1      | Reached XP level 2. HP: 17/17 MP: 3/6
  1206 | D:1      | Reached XP level 3. HP: 21/21 MP: 5/7
  1707 | D:2      | Learned a level 3 spell: Conjure Flame
  1764 | D:2      | HP: 1/21 [bat (1)]
  2186 | D:2      | Reached XP level 4. HP: 27/27 MP: 5/9
  2276 | D:2      | Noticed an ogre
  2499 | D:3      | Found an iron altar of Okawaru.
  2885 | D:3      | Learned a level 3 spell: Mephitic Cloud
  3524 | D:2      | Reached XP level 5. HP: 31/31 MP: 10/10
  3660 | D:2      | Killed an ogre
  3660 | D:2      | Reached skill level 1 in Fire Magic
  3841 | D:2      | Found a stormy altar of Qazlal.
  4006 | D:4      | Found a blossoming altar of Fedhas.
  4023 | D:4      | Reached XP level 6. HP: 28/36 MP: 8/12
  4143 | D:4      | Reached skill level 1 in Poison Magic
  4460 | D:4      | Reached XP level 7. HP: 41/41 MP: 2/13
  5447 | D:4      | Noticed Ijyb
  5470 | D:4      | Killed Ijyb
  5612 | D:4      | Noticed Menkaure
  5638 | D:5      | Entered Level 5 of the Dungeon
  6755 | D:5      | Reached XP level 8. HP: 42/46 MP: 6/14
  6954 | D:5      | Reached skill level 5 in Dodging
  6971 | D:5      | Got a crude dagger
  6972 | D:5      | Identified the +4 dagger "Daxtacsu" {elec, rF+ Str+6 Int-5}
                  | (You found it on level 5 of the Dungeon)
  7439 | D:5      | Found a glowing silver altar of Zin.
  7509 | D:5      | Found an iron altar of Okawaru.
  7612 | D:5      | Found a bloodstained altar of Trog.
  7782 | D:5      | Reached skill level 1 in Air Magic
  8286 | D:6      | Reached skill level 5 in Conjurations
  8352 | D:6      | Found a staircase to the Ecumenical Temple.
  8375 | Temple   | Entered the Ecumenical Temple
  8431 | Temple   | Became a worshipper of Sif Muna the Loreminder
  9749 | D:7      | Found a radiant altar of Vehumet.
  9775 | D:7      | Reached skill level 5 in Fire Magic
  9853 | D:7      | Reached XP level 9. HP: 51/51 MP: 2/15
  9974 | D:7      | Identified a scroll of acquirement
 10210 | D:7      | Got a transparent trident
 10218 | D:7      | Identified the cursed +0 trident of the Equinox {pierce,
                  | rF++} (You found it on level 7 of the Dungeon)
 10257 | D:7      | Learned a level 2 spell: Call Imp
 10431 | D:7      | Found a burning altar of Makhleb.
 10591 | D:8      | Noticed a troll
 10617 | D:8      | Killed a troll
 10871 | D:8      | Found a blossoming altar of Fedhas.
 10951 | D:8      | Found Maimnutt's Book Emporium.
 11293 | D:8      | Reached * piety under Sif Muna
 12379 | D:9      | Found a shattered altar of Ashenzari.
 12456 | D:9      | Noticed a troll
 13370 | D:8      | HP: 1/51 [yak (13)]
 13371 | D:8      | Slain by a yak

Levels and vault maps discovered:
D:1:      dpeg_arrival_pits, layout_rooms, minmay_strange_pillars,
          minmay_bisected
D:2:      cheibrodos_helix_gallery, layout_loops_ring, grunt_qazlal_clouds
D:3:      layout_loops_cross, kennysheep_okawaru_gauntlet
D:4:      layout_basic, serial_glass, glass_columns_c, glass_columns_a,
          minmay_hedge_maze, fedhas_ov_isle_minmay, uniq_ijyb, uniq_menkaure
D:5:      layout_basic, lemuel_round_altar, lemuel_round_altar, zin_statuary,
          first_ration, goddamned_bats
D:6:      layout_loops_cross, minmay_temple_entry_statues_fountains
D:7:      layout_rooms, lemuel_doored_altar, vehumet_altar_wand_db
D:8:      layout_basic, serial_shops, nicolae_shop_trees, lemuel_tele_altar
D:9:      layout_big_octagon, cheibrodos_ashenzari_chains, uniq_psyche
Temple:   regret_index_temple_waves

Skill      XL: |  1  2  3  4  5  6  7  8  9 |
---------------+----------------------------+-----
Conjurations   | 2 3 4 5 7 |  7.0
Dodging        | 3 4 6 7 |  7.2
Spellcasting   | 4 |  4.0
Fire Magic     | 1 2 3 5 |  5.2
Poison Magic   | 2 3 4 |  4.0
Air Magic      | 2 4 |  4.2
Summonings     | 3 |  3.7
Stealth        | |  2.6
Translocations | |  1.0

Action                   |  1- 3 |  4- 6 |  7- 9 || total
-------------------------+-------+-------+-------++-------
Melee: Unarmed           |    10 |       |       ||    10
       Constrict         |    16 |    13 |    66 ||    95
       Dagger            |    44 |     4 |     5 ||    53
       Tentacles         |     5 |    11 |    45 ||    61
       Spear             |       |    91 |   409 ||   500
Throw: Throwing net      |       |     2 |       ||     2
       Dart              |       |       |     4 ||     4
 Cast: Magic Dart        |    53 |    32 |   179 ||   264
       Mephitic Cloud    |       |     9 |    24 ||    33
       Conjure Flame     |       |     1 |    13 ||    14
       Call Imp          |       |       |     6 ||     6
Evoke: Wand              |       |       |     2 ||     2
  Use: Scroll            |     5 |     2 |    18 ||    25
       Potion            |       |       |     1 ||     1
 Stab: Sleeping          |     5 |     6 |     8 ||    19
       Distracted        |     2 |       |     1 ||     3
       Confused          |       |     4 |    10 ||    14
  Eat: Chunk             |     4 |     5 |     9 ||    18
       Ration            |       |     1 |     6 ||     7
Armor: Skin              |     8 |     3 |    38 ||    49
Dodge: Dodged            |    47 |    32 |   306 ||   385
